 Dungeon Crawl Stone Soup version 0.13.0-29-gdb529de (webtiles) character file.

207 M4edhros the Caller (level 5, -1/31 HPs)
             Began as an Octopode Summoner on Nov 14, 2013.
             Slain by Grinder (3 damage)
             ... on Level 3 of the Dungeon.
             The game lasted 00:03:12 (2939 turns).

M4edhros the Caller (Octopode Summoner)             Turns: 2939, Time: 00:03:12

HP  -1/31        AC  1     Str  7      XL: 5   Next: 25%
MP   7/10        EV 12     Int 19      God:
Gold 64          SH  0     Dex 12      Spells:  2 memorised,  5 levels left

Res.Fire  : + . .   See Invis. : .   e - +0 short sword
Res.Cold  : x . .   Warding    : .   (no shield)
Life Prot.: . . .   Conserve   : .   (helmet restricted)
Res.Poison: .       Res.Corr.  : .   (no amulet)
Res.Elec. : .       Clarity    : .   q - ring of fire
Sust.Abil.: . .     Spirit.Shd : .   (no ring)
Res.Mut.  : .       Stasis     : .   (no ring)
Res.Rott. : .       Flight     : .   (no ring)
Saprovore : . . .                    (no ring)
                                     (no ring)
                                     (no ring)
                                     (no ring)

@: slightly resistant to hostile enchantments, quite stealthy
A: almost no armour, amphibious, 8 rings, constrict 8, camouflage 1, AC +1
a: no special abilities


You were on level 3 of the Dungeon.
You were near starving.

You visited 1 branch of the dungeon, and saw 3 of its levels.

You collected 44 gold pieces.

Inventory:

Hand weapons
 e - a +0,+0 short sword (weapon)
Missiles
 t - 24 sling bullets
Magical devices
 o - a wand of magic darts (10)
Comestibles
 c - 2 bread rations
 k - a sausage
 p - an apple
 s - a meat ration
 v - a rotting chunk of hobgoblin flesh
 w - a cheese
Scrolls
 a - 2 scrolls of curse armour {unknown}
 d - a scroll of curse jewellery {unknown}
 f - a scroll of magic mapping {unknown}
 g - a scroll of blinking {unknown}
 h - a scroll of teleportation {unknown}
 i - 3 scrolls of identify {unknown}
 j - a scroll of noise {unknown}
 l - a scroll of fog {unknown}
 m - a scroll of recharging {unknown}
 n - 2 scrolls of remove curse {unknown}
 r - a scroll of enchant armour {unknown}
 u - a scroll of random uselessness {unknown}
Jewellery
 q - a ring of fire (left tentacle)
Books
 b - a book of Callings

   Spells                             Type                      Level
   *Summon Small Mammal               Summoning                    1
   Call Imp                           Summoning                    2
   *Call Canine Familiar              Summoning                    3
   Summon Scorpions                   Summoning/Poison             4
   Summon Ice Beast                   Ice/Summoning                4


   Skills:
 - Level 2.0 Dodging
 - Level 2.6 Stealth
 + Level 2.6 Spellcasting
 * Level 5.6 Summonings


You had 5 spell levels left.
You knew the following spells:

 Your Spells              Type           Power        Failure   Level  Hunger
a - Summon Small Mammal   Summ           ###.         1%          1    None
b - Call Canine Familiar  Summ           ###.......   6%          3    ###....


Dungeon Overview and Level Annotations

Branches:
Dungeon (3/27)

Altars:
Yredelemnul

Annotations:
D:3 Grinder


Innate Abilities, Weirdness & Mutations

You cannot wear most types of armour.
You are amphibious.
You can wear up to eight rings at the same time.
You can use your tentacles to constrict many enemies at once.
Your skin changes colour to match your surroundings (Stlth).
Your rubbery body absorbs attacks (AC +1).


Message History

Grinder hits you.
You writhe in agony.
You are near starving!
There is a stone staircase leading up here.
You aren't carrying any potions.
You hit Grinder. Your grab misses Grinder.
Grinder is lightly wounded.
Grinder hits you!
* * * LOW HITPOINT WARNING * * *
You writhe in agony.
* * * LOW HITPOINT WARNING * * *
That item cannot be evoked!
Read which item? (? for menu, Esc to quit)
Okay, then.
Casting: Call Canine Familiar
Confirm with . or Enter, or press ? or * to list all spells.
Okay, then.
Casting: Call Canine Familiar
Confirm with . or Enter, or press ? or * to list all spells.
Grinder hits you.
You die...

#..######......
#...%.....# #..######.#
#..# #.
####..######.#### ###
#................ ....
#.##..#######.### #..#
#.##.5# #.# #..# #.##.@#
#.# #..# #.##..# #.#
#..# #.###h# #.# #..#
#.#...# #%# #..#
###.#.#.### ##.#####..#
#.........# #.....##...
#.#.#.#.#.# #..##.##.##
#.#.#.#.#.####..........
#.#.#.#..........#.##.##


You could see Grinder and a friendly jackal.

Vanquished Creatures
  Ijyb (D:2)
  Jessica (D:2)
  6 adders
  3 giant geckos
  4 orcs (D:3)
  2 ball pythons (D:1)
  7 bats
  A giant cockroach (D:2)
  4 goblins
  8 hobgoblins
  6 jackals
  A quokka (D:3)
  2 giant newts
  3 kobolds
  4 rats
53 creatures vanquished.

Vanquished Creatures (others)
  A grey rat (D:3)
  A bat (D:3)
  A rat (D:3)
  16 toadstools (D:3)
19 creatures vanquished.

Grand Total: 72 creatures vanquished

Notes
Turn   | Place    | Note
--------------------------------------------------------------
     0 | D:1      | M4edhros, the Octopode Summoner, began the quest for the Orb.
     0 | D:1      | Reached XP level 1. HP: 11/11 MP: 3/3
   579 | D:1      | Reached XP level 2. HP: 12/17 MP: 4/4
  1214 | D:2      | Noticed Ijyb
  1235 | D:2      | Killed Ijyb
  1235 | D:2      | Reached XP level 3. HP: 2/21 MP: 6/6
  1569 | D:2      | Noticed Jessica
  1579 | D:2      | Killed Jessica
  1589 | D:2      | Reached XP level 4. HP: 25/27 MP: 8/8
  1622 | D:2      | Reached skill level 5 in Summonings
  1666 | D:2      | HP: 1/27 [jackal (2)]
  2110 | D:2      | Found a basalt altar of Yredelemnul.
  2484 | D:3      | Reached XP level 5. HP: 26/31 MP: 10/10
  2688 | D:3      | Noticed Grinder
  2696 | D:3      | Paralysed by Grinder for 2 turns
  2713 | D:2      | Learned a level 3 spell: Call Canine Familiar
  2939 | D:3      | Slain by Grinder

Action                   |  1- 3 |  4- 6 || total
-------------------------+-------+-------++-------
Melee: Short sword       |    57 |    91 ||   148
       Unarmed           |     7 |       ||     7
 Cast: Call Canine Famil |       |     4 ||     4
       Summon Small Mamm |       |     3 ||     3
Evoke: Wand              |       |     1 ||     1
  Use: Potion            |     5 |       ||     5
 Stab: Sleeping          |     1 |     5 ||     6
